 Dungeon Crawl Stone Soup version 0.19-a0-1786-g230130f (webtiles) character file.

2884 twist the Grappler (level 9, 0/66 HPs)
             Began as a Demonspawn Transmuter on Oct 3, 2016.
             Was a Follower of Ashenzari.
             Killed from afar by an orc wizard (4 damage)
             ... with a magic dart
             ... on level 8 of the Dungeon.
             The game lasted 00:20:17 (9303 turns).

twist the Grappler (Demonspawn Transmuter)          Turns: 9303, Time: 00:20:18

Health: 0/66       AC: 10    Str: 14    XL:     9   Next: 48%
Magic:  0/13       EV: 20    Int: 15    God:    Ashenzari [*.....]
Gold:   318        SH:  0    Dex: 18    Spells: 6 memorised, 0 levels left

rFire  . . .     SeeInvis .       - Unarmed
rCold  . . .     Gourm    .     j - +0 leather armour
rNeg   . . .     Faith    .     (no shield)
rPois  .         Spirit   +     (helmet restricted)
rElec  .         Dismiss  .     g - +1 cloak (curse)
rCorr  .         Reflect  .     z - +0 pair of gloves (curse)
MR     .....     Harm     .     k - +0 pair of boots (curse)
Stlth  ++........               (no amulet)
                                (no ring)
                                h - ring of flight

@: agile
A: antennae 1, icy blue scales 2, powered by death 1, magic shield
a: Curse Item, Scrying, Renounce Religion, Evoke Flight


You were on level 8 of the Dungeon.
You worshipped Ashenzari.
Ashenzari was aware of your devotion.
You were hungry.

You visited 2 branches of the dungeon, and saw 9 of its levels.

You collected 318 gold pieces.

Inventory:

Missiles
 a - 122 arrows
 f - 2 curare-tipped needles
Armour
 g - a cursed +1 cloak (worn)
 j - a +0 leather armour (worn)
 k - a cursed +0 pair of boots (worn)
 r - a cursed +0 helmet
 z - a cursed +0 pair of gloves (worn)
Jewellery
 h - a ring of flight (left hand)
Wands
 i - a wand of acid (6/15)
 u - a wand of slowing (12/48)
 w - a wand of acid (0/15)
 y - a wand of flame (25/48)
 B - a wand of confusion (29/48)
Scrolls
 e - a scroll of random uselessness {unknown}
 v - a scroll of magic mapping
 C - 2 scrolls of identify
 D - a scroll of holy word {unknown}
 E - a scroll of remove curse
Potions
 n - 2 potions of invisibility {unknown}
 o - 2 potions of flight {unknown}
 p - a potion of cancellation {unknown}
 q - 3 potions of degeneration
 s - a potion of brilliance {unknown}
Books
 c - a book of Changes

   Spells                             Type                      Level
   a - Beastly Appendage              Transmutation                1
   b - Sticks to Snakes               Transmutation                2
   c - Spider Form                    Transmutation/Poison         3
   d - Ice Form                       Ice/Transmutation            4
   e - Blade Hands                    Transmutation                5
 t - a book of Minor Magic

   Spells                             Type                      Level
   a - Magic Dart                     Conjuration                  1
   b - Blink                          Translocation                2
   c - Call Imp                       Summoning                    2
   d - Repel Missiles                 Charms/Air                   2
   e - Slow                           Hexes                        2
   f - Conjure Flame                  Conjuration/Fire             3
   g - Mephitic Cloud                 Conjuration/Poison/Air       3
Comestibles
 b - 8 chunks of flesh
 d - 10 bread rations
 m - 11 fruits
 x - a beef jerky
 A - a meat ration


   Skills:
 + Level 4.5 Fighting
 + Level 4.8 Dodging
 * Level 8.5 Unarmed Combat
 - Level 3.0 Spellcasting
 - Level 4.4 Transmutations
 - Level 4.4 Poison Magic


You couldn't memorise any spells.
You knew the following spells:

 Your Spells              Type           Power        Failure   Level  Hunger
a - Beastly Appendage     Tmut           ###...       4%          1    #......
b - Spider Form           Tmut/Pois      ###.......   14%         3    ###....
c - Sticks to Snakes      Tmut           ###.....     8%          2    ##.....
d - Blink                 Tloc           N/A          41%         2    ##.....
e - Repel Missiles        Chrm/Air       #.....       41%         2    ##.....
f - Ice Form              Ice/Tmut       #.......     88%         4    #####..


Dungeon Overview and Level Annotations

Branches:
Dungeon (8/15)             Temple (1/1) D:5
   Lair: D:8-11

Altars:
Ashenzari
Cheibriados
Dithmenos
Gozag
Nemelex Xobeh
Okawaru
Ru
Vehumet
Zin
The Shining One

Shops:
D:8 *


Innate Abilities, Weirdness & Mutations

You have a pair of small antennae on your head.
You are mostly covered in icy blue scales. (AC +3)
You regenerate a little health from kills.
When hurt, damage is shared between your health and your magic reserves.


Message History

Unknown command.
The bullfrog completely misses you. The bullfrog barely misses you.
The bullfrog misses you.
The orc wizard casts a spell.
The orc wizard seems to speed up.
The bullfrog completely misses you.
The orc wizard casts a spell.
The orc wizard flickers and vanishes!
Deactivating autopickup; reactivate with Ctrl-A.
The bullfrog closely misses you.
There is an open door here.
You are feeling hungry.
The bullfrog closely misses you.
There is an escape hatch in the ceiling here.
The bullfrog misses you.
You hear some strange, mumbled words.
A magic dart appears from out of thin air!
The magic dart hits you!
You die...

#.))....+......#...
######..>....#.....)#...
##............#......#
...............#'##...# ..
........##'##.....#...###.
........#...#.....#.....#.
........#...'oo...#..[..#.
.......)#.{.#.....#.....#.
#+#.....#@F.#.{...#.....#.
#.....#...#...oo#######.
#.....#+#######....o...[
#......... #.........
#......... #.........
#......... #.........


You could see an orc warrior, a bullfrog and an orc.

Vanquished Creatures
  A spriggan (D:7)
  A phantom (D:8)
  3 orc warriors
  A sky beast (D:8)
  2 black bears
  5 ogres
  2 centaurs
  2 bullfrogs
  3 scorpions
  7 crimson imps
  A quasit (D:8)
  A jelly (D:7)
  6 hounds
  2 orc priests (D:3)
  2 bullfrog skeletons (D:5)
  Natasha (twice) (D:4)
  An iguana (D:7)
  5 orc wizards
  6 worker ants
  A killer bee zombie (D:6)
  5 adders
  12 gnolls
  A howler monkey skeleton (D:7)
  2 adder skeletons
  An adder zombie (D:8)
  A worm (D:4)
  2 dart slugs (D:1)
  8 leopard geckos
  18 orcs
  4 giant cockroaches
  3 goblins
  3 hobgoblins
  10 jackals
  A quokka (D:4)
  13 bats
  5 frilled lizards
  3 kobolds
  9 rats
155 creatures vanquished.

Notes
Turn   | Place    | Note
-------+----------+-------------------------------------------
     0 | D:1      | twist the Demonspawn Transmuter began the quest for the Orb.
     0 | D:1      | Reached XP level 1. HP: 15/15 MP: 3/3
    29 | D:1      | Reached skill level 3 in Unarmed Combat
    29 | D:1      | Gained mutation: When hurt, damage is shared between your health and your magic reserves. [demonic ancestry]
    29 | D:1      | Reached XP level 2. HP: 7/21 MP: 5/5
   836 | D:2      | Gained mutation: You are partially covered in icy blue scales. (AC +2) [demonic ancestry]
   836 | D:2      | Reached XP level 3. HP: 17/26 MP: 3/6
   849 | D:2      | Reached skill level 4 in Unarmed Combat
  1360 | D:2      | You fall through a shaft!
  1361 | D:3      | Noticed a black bear
  1397 | D:3      | Killed a black bear
  1397 | D:3      | Reached skill level 5 in Unarmed Combat
  1397 | D:3      | Gained mutation: You regenerate a little health from kills. [demonic ancestry]
  1397 | D:3      | Reached XP level 4. HP: 25/32 MP: 1/7
  1397 | D:3      | Reached XP level 5. HP: 29/37 MP: 1/8
  1405 | D:3      | Found a shattered altar of Ashenzari.
  1957 | D:3      | Learned a level 3 spell: Spider Form
  2478 | D:3      | Reached XP level 6. HP: 34/43 MP: 7/9
  3043 | D:3      | Became a worshipper of Ashenzari the Shackled
  3145 | D:4      | Reached skill level 1 in Poison Magic
  3221 | D:4      | Found a shadowy altar of Dithmenos.
  3428 | D:4      | Found an opulent altar of Gozag.
  3500 | D:4      | Found a sparkling altar of Nemelex Xobeh.
  3662 | D:4      | Noticed Natasha
  3672 | D:4      | Killed Natasha
  4178 | D:4      | Noticed Natasha
  4192 | D:4      | Killed Natasha
  4192 | D:4      | Gained mutation: You are mostly covered in icy blue scales. (AC +3) [demonic ancestry]
  4192 | D:4      | Reached XP level 7. HP: 31/48 MP: 6/11
  4232 | D:5      | Entered Level 5 of the Dungeon
  4270 | D:5      | Found a staircase to the Ecumenical Temple.
  4486 | D:5      | HP: 2/48 [poisoned by a worker ant]
  4494 | D:5      | HP: 2/48 [poisoned by a worker ant]
  5805 | D:6      | Found a glowing golden altar of the Shining One.
  5808 | D:6      | Found a snail-covered altar of Cheibriados.
  5810 | D:6      | Found a glowing silver altar of Zin.
  5970 | D:6      | Reached skill level 6 in Unarmed Combat
  5970 | D:6      | Reached XP level 8. HP: 22/54 MP: 9/12
  6693 | Temple   | Entered the Ecumenical Temple
  7225 | D:6      | Found a sacrificial altar of Ru.
  7324 | D:6      | Reached * piety under Ashenzari
  7546 | D:7      | Reached skill level 7 in Unarmed Combat
  7614 | D:7      | Found an iron altar of Okawaru.
  7686 | D:7      | Found a radiant altar of Vehumet.
  8108 | D:7      | Gained mutation: You have a pair of small antennae on your head. [demonic ancestry]
  8108 | D:7      | Reached XP level 9. HP: 16/64 MP: 3/13
  8608 | D:7      | Learned a level 2 spell: Sticks to Snakes
  8611 | D:7      | Learned a level 2 spell: Blink
  8614 | D:7      | Learned a level 2 spell: Repel Missiles
  8619 | D:7      | Learned a level 4 spell: Ice Form
  8703 | D:7      | Reached skill level 8 in Unarmed Combat
  8882 | D:8      | Found Afusoudiuck's Assorted Antiques.
  9289 | D:8      | HP: 2/66 [bullfrog (2)]
  9303 | D:8      | Killed from afar by an orc wizard

Vault maps used:
D:1:      dpeg_arrival_ratfight, hex_medium, corexii_item_surrounded_by_moat,
          lemuel_flame_loot_1
D:2:      grunt_ministairs_13, minmay_misc_feat_pillars, minmay_close_crescents
D:3:      nicolae_ashenzari_panopticon, first_bread
D:4:      kennysheep_mini, nicolae_overflow_hidden_temple, uniq_natasha
D:5:      kennysheep_big_flooded_room
D:6:      grunt_temple_overflow_open, nicolae_ru_path_of_blood
D:7:      lemuel_coloured_pillars_altar, vehumet_altar_wand_db, the_bakery
D:8:      serial_shops, shop, nicolae_shop_statue_plus, nicolae_shop_trees,
          shop, hangedman_minor_gate_pass
Temple:   nicolae_temple_figure_zero

Skill      XL: |  1  2  3  4  5  6  7  8  9 |
---------------+----------------------------+-----
Unarmed Combat | 3 5 6 7 8 |  8.5
Transmutations | 2 3 4 |  4.4
Poison Magic   | 2 4 |  4.4
Spellcasting   | 3 |  3.0
Dodging        | 3 4 |  4.8
Fighting       | 3 4 |  4.5

Action                   |  1- 3 |  4- 6 |  7- 9 || total
-------------------------+-------+-------+-------++-------
Melee: Unarmed           |   145 |   252 |   629 ||  1026
       Punch             |     1 |     3 |    16 ||    20
 Cast: Beastly Appendage |     1 |       |       ||     1
       Spider Form       |       |       |     1 ||     1
Invok: Curse Item        |       |       |     4 ||     4
Evoke: Wand              |       |       |     6 ||     6
  Use: Potion            |     3 |     2 |     8 ||    13
       Scroll            |       |     5 |     4 ||     9
 Stab: Sleeping          |     2 |       |       ||     2
  Eat: Chunk             |     2 |     6 |     9 ||    17
       Bread ration      |       |     1 |     1 ||     2
       Fruit             |       |     1 |       ||     1
       Royal jelly       |       |       |     1 ||     1
Armor: Robe              |    53 |    62 |   118 ||   233
       Leather armour    |       |       |    51 ||    51
Dodge: Dodged            |   127 |   117 |   415 ||   659
